 Dungeon Crawl Stone Soup version 0.21.1-1-g345015f (webtiles) character file.

343 Flooderbenga the Grave Robber (level 6, -3/44 HPs)
             Began as a Gnoll Necromancer on Apr 26, 2018.
             Slain by a sky beast (5 damage)
             ... on level 7 of the Dungeon.
             The game lasted 00:13:50 (596 turns).

Flooderbenga the Grave Robber (Gnoll Necromancer)    Turns: 596, Time: 00:13:51

Health: -3/44      AC:  3    Str: 11    XL:     6   Next: 57%
Magic:  0/14       EV: 15    Int: 19    God:
Gold:   72         SH:  0    Dex: 15    Spells: 1/15 levels left

rFire    . . .     SeeInvis .   f - +0 dagger
rCold    . . .     Gourm    .   (no shield)
rNeg     . . .     Faith    .   a - +1 robe
rPois    .         Spirit   .   (no helmet)
rElec    .         Reflect  .   (no cloak)
rCorr    .         Harm     .   (no gloves)
MR       .....                  (no boots)
Stlth    +++.......             (no amulet)
HPRegen  0.14/turn              (no ring)
MPRegen  0.14/turn              (no ring)

@: very slightly contaminated
A: distributed training, fangs 1, strong nose
a: no special abilities


You were on level 7 of the Dungeon.
You were hungry.

You visited 1 branch of the dungeon, and saw 7 of its levels.

You collected 72 gold pieces.

Inventory:

Hand Weapons
 f - a +0 dagger (weapon)
Missiles
 d - 25 stones (quivered)
Armour
 a - a +1 robe (worn)
Scrolls
 e - a scroll of immolation
 h - 2 scrolls of enchant armour
 i - a scroll of enchant weapon
 r - a scroll of identify {@r1}
Potions
 g - a potion of resistance {unknown}
Books
 b - a book of Necromancy

   Spells                             Type                      Level
   a - Pain                           Necromancy                   1
   b - Animate Skeleton               Necromancy                   1
   c - Vampiric Draining              Necromancy                   3
   d - Regeneration                   Charms/Necromancy            3
   e - Animate Dead                   Necromancy                   4
   f - Borgnjor's Vile Clutch         Necromancy/Earth             5
Comestibles
 c - 3 rations


   Skills:
 + Level 2.0 Fighting
 + Level 2.0 Short Blades
 + Level 2.0 Long Blades
 + Level 2.0 Axes
 + Level 2.0 Maces & Flails
 + Level 2.0 Polearms
 + Level 2.0 Staves
 + Level 2.0 Slings
 + Level 2.0 Bows
 + Level 2.0 Crossbows
 + Level 2.0 Throwing
 + Level 2.0 Armour
 + Level 5.0 Dodging
 + Level 4.6 Stealth
 + Level 2.0 Shields
 + Level 2.0 Unarmed Combat
 + Level 5.4 Spellcasting
 + Level 1.5 Conjurations
 + Level 1.5 Hexes
 + Level 1.5 Charms
 + Level 1.5 Summonings
 + Level 7.3 Necromancy
 + Level 1.5 Translocations
 + Level 1.5 Transmutations
 + Level 1.5 Fire Magic
 + Level 1.5 Ice Magic
 + Level 1.5 Air Magic
 + Level 1.5 Earth Magic
 + Level 1.5 Poison Magic
 + Level 2.2 Invocations
 + Level 2.0 Evocations


You had one spell level left.
You knew the following spells:

 Your Spells              Type           Power        Failure   Level  Hunger
a - Pain                  Necr           ####         1%          1    None
b - Animate Dead          Necr           N/A          6%          4    ####...
c - Borgnjor's Vile Clut  Necr/Erth      ###.......   47%         5    #####..
r - Regeneration          Chrm/Necr      ###.......   6%          3    ##.....
z - Animate Skeleton      Necr           N/A          1%          1    None


Dungeon Overview and Level Annotations

Branches:
Dungeon (7/15)
 Temple: D:4-7

Altars:
Dithmenos
Wu Jian
Yredelemnul

Annotations:
D:3 Grinder
D:6 Edmund


Innate Abilities, Weirdness & Mutations

Your experience applies equally to all skills.
You have very sharp teeth.
Your uncanny sense of smell can sniff out nearby items.


Message History

You take 1 damage, and have 25/44 hp.
You now have 0/14 mp.
You hit the sky beast but do no damage.
You bite the sky beast, but do no damage.
The sky beast flickers out of sight!
Something hits you. Something shocks you.
You take 6 damage, and have 19/44 hp.
You miss something. Something hits you. Something shocks you.
* * * LOW HITPOINT WARNING * * *
You take 7 damage, and have 12/44 hp.
You closely miss something. Your bite misses something. Something hits you.
* * * LOW HITPOINT WARNING * * *
Something shocks you.
* * * LOW HITPOINT WARNING * * *
You take 7 damage, and have 5/44 hp.
A sky beast appears from thin air!
The sky beast writhes in agony!
You are feeling hungry.
The sky beast hits you.
* * * LOW HITPOINT WARNING * * *
The sky beast shocks you.
You die...

∆##.........#
..#
##.#.######
.....###.#.#
#......≈...#
########.###
#.# #§# #Y#
#@# #.# #.#
#.# ... ...
... ##.#.


You could see a sky beast.

Vanquished Creatures
  An ice beast (D:6)
  2 bullfrogs (D:6)
  A howler monkey (D:5)
  A crimson imp (D:5)
  2 gnolls (D:6)
  An adder (D:5)
  An orc (D:6)
  A bat (D:2)
  A giant cockroach (D:5)
  A goblin (D:3)
  A hobgoblin (D:2)
  A jackal (D:6)
  A quokka (D:5)
  A frilled lizard (D:2)
16 creatures vanquished.

Vanquished Creatures (collateral kills)
  A crimson imp (D:6)
  A jackal zombie (D:5)
2 creatures vanquished.

Grand Total: 18 creatures vanquished

Notes
Turn   | Place    | Note
-------+----------+-------------------------------------------
     0 | D:1      | Flooderbenga the Gnoll Necromancer began the quest for the Orb.
     0 | D:1      | Reached XP level 1. HP: 13/13 MP: 6/6
    20 | D:2      | Learned a level 1 spell: Animate Skeleton
    42 | D:3      | Noticed Grinder
    43 | D:3      | Found an ornate altar of the Wu Jian Council.
    55 | D:3      | Paralysed by Grinder for 5 turns
    63 | D:4      | Noticed a hound
    67 | D:5      | Entered Level 5 of the Dungeon
   142 | D:5      | Noticed a howler monkey
   149 | D:5      | Killed a howler monkey
   149 | D:5      | Reached skill level 5 in Spellcasting
   149 | D:5      | Reached skill level 1 in Invocations
   149 | D:5      | Reached XP level 2. HP: 2/20 MP: 2/8
   149 | D:5      | Reached XP level 3. HP: 3/25 MP: 2/9
   155 | D:5      | Learned a level 3 spell: Regeneration
   184 | D:5      | Found a shadowy altar of Dithmenos.
   242 | D:5      | Reached skill level 1 in Fighting
   242 | D:5      | Reached skill level 1 in Short Blades
   242 | D:5      | Reached skill level 1 in Long Blades
   242 | D:5      | Reached skill level 1 in Axes
   242 | D:5      | Reached skill level 1 in Maces & Flails
   242 | D:5      | Reached skill level 1 in Polearms
   242 | D:5      | Reached skill level 1 in Staves
   242 | D:5      | Reached skill level 1 in Slings
   242 | D:5      | Reached skill level 1 in Bows
   242 | D:5      | Reached skill level 1 in Crossbows
   242 | D:5      | Reached skill level 1 in Throwing
   242 | D:5      | Reached skill level 1 in Armour
   242 | D:5      | Reached skill level 1 in Shields
   242 | D:5      | Reached skill level 1 in Unarmed Combat
   242 | D:5      | Reached skill level 1 in Evocations
   316 | D:5      | Reached XP level 4. HP: 31/32 MP: 7/11
   324 | D:6      | Found a basalt altar of Yredelemnul.
   330 | D:6      | Noticed an ice beast
   339 | D:6      | Killed an ice beast
   339 | D:6      | Reached skill level 1 in Conjurations
   339 | D:6      | Reached skill level 1 in Hexes
   339 | D:6      | Reached skill level 1 in Charms
   339 | D:6      | Reached skill level 1 in Summonings
   339 | D:6      | Reached skill level 1 in Translocations
   339 | D:6      | Reached skill level 1 in Transmutations
   339 | D:6      | Reached skill level 1 in Fire Magic
   339 | D:6      | Reached skill level 1 in Ice Magic
   339 | D:6      | Reached skill level 1 in Air Magic
   339 | D:6      | Reached skill level 1 in Earth Magic
   339 | D:6      | Reached skill level 1 in Poison Magic
   339 | D:6      | Reached XP level 5. HP: 30/37 MP: 2/12
   347 | D:6      | Learned a level 5 spell: Borgnjor's Vile Clutch
   352 | D:6      | Learned a level 4 spell: Animate Dead
   441 | D:6      | Reached XP level 6. HP: 38/44 MP: 5/13
   459 | D:6      | Reached skill level 5 in Dodging
   533 | D:6      | Noticed Edmund
   568 | D:7      | Noticed a sky beast
   596 | D:7      | HP: 2/44 [sky beast (3)]
   596 | D:7      | Slain by a sky beast

Skill      XL: |  1  2  3  4  5  6 |
---------------+-------------------+-----
Spellcasting   | 5 |  5.4
Invocations    | 1 2 |  2.2
Fighting       | 1 2 |  2.0
Short Blades   | 1 2 |  2.0
Long Blades    | 1 2 |  2.0
Axes           | 1 2 |  2.0
Maces & Flails | 1 2 |  2.0
Polearms       | 1 2 |  2.0
Staves         | 1 2 |  2.0
Slings         | 1 2 |  2.0
Bows           | 1 2 |  2.0
Crossbows      | 1 2 |  2.0
Throwing       | 1 2 |  2.0
Armour         | 1 2 |  2.0
Shields        | 1 2 |  2.0
Unarmed Combat | 1 2 |  2.0
Evocations     | 1 2 |  2.0
Conjurations   | 1 |  1.5
Hexes          | 1 |  1.5
Charms         | 1 |  1.5
Summonings     | 1 |  1.5
Translocations | 1 |  1.5
Transmutations | 1 |  1.5
Fire Magic     | 1 |  1.5
Ice Magic      | 1 |  1.5
Air Magic      | 1 |  1.5
Earth Magic    | 1 |  1.5
Poison Magic   | 1 |  1.5
Dodging        | 5 |  5.0
Stealth        | |  4.6
Necromancy     | |  7.3

Action                   |  1- 3 |  4- 6 || total
-------------------------+-------+-------++-------
Melee: Unarmed           |    22 |       ||    22
       Bite              |     3 |     2 ||     5
       Dagger            |       |    23 ||    23
 Cast: Pain              |    14 |    23 ||    37
       Animate Skeleton  |     2 |     2 ||     4
       Regeneration      |     3 |       ||     3
       Borgnjor's Vile C |       |     1 ||     1
  Use: Scroll            |     3 |     1 ||     4
 Stab: Distracted        |     1 |       ||     1
       Sleeping          |       |     2 ||     2
Armor: Robe              |     5 |     4 ||     9
Dodge: Dodged            |    15 |    16 ||    31
